 Dungeon Crawl Stone Soup version 0.17-a0-1741-gd5e8965 (webtiles) character file.

38 shrekt the Ruffian (level 3, -1/31 HPs)
             Began as a Naga Transmuter on Aug 31, 2015.
             Slain by an adder (3 damage)
             ... on level 2 of the Dungeon.
             The game lasted 00:12:14 (1763 turns).

shrekt the Ruffian (Naga Transmuter)                Turns: 1763, Time: 00:12:14

Health: -1/31      AC:  2    Str: 13    XL:     3   Next: 43%
Magic:  6/6        EV: 10    Int: 11    God:
Gold:   34         SH:  0    Dex: 11    Spells: 0 memorised, 6 levels left

rFire  . . .     SeeInvis +     h - +0 mace
rCold  . . .     Clarity  .     b - +0 robe
rNeg   . . .     SustAt   .     (no shield)
rPois  +         Gourm    .     (helmet restricted)
rElec  .         Spirit   .     (no cloak)
rCorr  .         Warding  .     (no gloves)
rMut   .         Stasis   .     (no barding)
MR     .....                    (no amulet)
Stlth  +.........               (no ring)
                                o - -2 ring of intelligence (curse)

@: lethally poisoned (-1 -> -4), very slow, not resistant to hostile
enchantments, very unstealthy
A: antennae 1, see invisible, deformed body, poison resistance, slowness 2, slow
metabolism 1, spit poison 2, AC +1
a: Spit Poison


You were on level 2 of the Dungeon.
You were near starving.

You visited 1 branch of the dungeon, and saw 2 of its levels.

You collected 34 gold pieces.

Inventory:

Hand weapons
 f - a +0 short sword
 h - a +0 mace (weapon)
Missiles
 a - 12 arrows
 g - 61 stones (quivered)
 l - 8 poisoned arrows
Armour
 b - a +0 robe (worn)
Jewellery
 o - a cursed -2 ring of intelligence (left hand)
Books
 c - a book of Changes

   Spells                             Type                      Level
   a - Beastly Appendage              Transmutation                1
   b - Sticks to Snakes               Transmutation                2
   c - Spider Form                    Transmutation/Poison         3
   d - Ice Form                       Ice/Transmutation            4
   e - Blade Hands                    Transmutation                5
Comestibles
 d - 2 bread rations
 n - a royal jelly


   Skills:
 + Level 1.4 Fighting
 + Level 0.2 Short Blades
 + Level 0.3 Throwing
 + Level 2.1 Dodging
 + Level 0.4 Stealth
 + Level 3.4 Unarmed Combat
 + Level 2.0 Spellcasting
   Level 2.2 Transmutations


You had 6 spell levels left.
You didn't know any spells.

Dungeon Overview and Level Annotations

Branches:
Dungeon (2/15)

Altars:


Innate Abilities, Weirdness & Mutations

You cannot wear boots.
Your serpentine skin is tough (AC +1).
You have supernaturally acute eyesight.
Armour fits poorly on your strangely shaped body.
Your system is resistant to poisons.
You cover ground very slowly.
You have a slow metabolism.
You can spit poison.
You have a pair of small antennae on your head.


Message History

The adder barely misses you. x2
You closely miss the adder.
The adder is heavily wounded.
The adder closely misses you. The adder bites you.
You closely miss the adder.
The adder is heavily wounded.
The adder bites you.
* * * LOW HITPOINT WARNING * * *
You are poisoned.
The adder poisons you!
You closely miss the adder.
The adder is heavily wounded.
You feel sick. The adder bites you.
* * * LOW HITPOINT WARNING * * *
The adder bites you.
* * * LOW HITPOINT WARNING * * *
It was a potion of beneficial mutation.
A pair of antennae grows on your head!
You feel fantastic! The adder bites you.
You die...

#### #(. #(#
############.##
#####†#
#.......@S....#
....<.#
#.##########%.#
#####.# #.# #.#
#.# #.# #.#
###.# #.#
#...###.## #
#.####...##
#.#>###.....##


You could see an adder.

Vanquished Creatures
  An adder (D:1)
  2 oozes (D:1)
  6 bats (D:1)
  2 hobgoblins (D:1)
  3 kobolds
  3 giant cockroaches (D:1)
  2 giant newts (D:1)
  4 rats
23 creatures vanquished.

Vanquished Creatures (others)
  4 toadstools (D:1)
4 creatures vanquished.

Grand Total: 27 creatures vanquished

Notes
Turn   | Place    | Note
--------------------------------------------------------------
     0 | D:1      | shrekt the Naga Transmuter began the quest for the Orb.
     0 | D:1      | Reached XP level 1. HP: 18/18 MP: 3/3
   211 | D:1      | Reached XP level 2. HP: 16/25 MP: 5/5
  1011 | D:1      | Reached XP level 3. HP: 16/31 MP: 6/6
  1763 | D:2      | Gained mutation: You have a pair of small antennae on your head. [potion of beneficial mutation]
  1763 | D:2      | Slain by an adder

Vault maps used:
D:1:      ldierk_walled_garden_2
D:2:      lemuel_doored_altar, uniq_crazy_yiuf_cottage

Action                   || total
-------------------------++-------
Melee: Short sword       ||    90
       Unarmed           ||     2
       Mace              ||    18
Throw: Stone             ||    64
  Use: Scroll            ||     5
       Potion            ||     3
